[Event "Un Rapid per cominciare!"]
[Site "Chess.com"]
[Date "2020.04.10"]
[Round "3"]
[White "GuGe14"]
[Black "markk000"]
[Result "0-1"]
[WhiteElo "1542"]
[BlackElo "1553"]
[TimeControl "720+3"]
[EndTime "12:35:11 PDT"]
[Termination "markk000 ha vinto per abbandono"]

1. e4 c5 2. Nc3 e6 3. Bc4 Nf6 4. f4 a6 5. e5 d5 6. Bf1 Nfd7 7. Nf3 Be7 8. d4 Nc6 9. Ne2 O-O 10. g3 cxd4 11.
Nexd4 Bc5 12. c3 b5 13. Nxc6 Qb6 14. Ncd4 b4 15. Be3 bxc3 16. bxc3 f6 17. Rb1 Qa7 18.
Qc1 fxe5 19. Nxe5 Nxe5 20. fxe5 Bd7 21. Bd3 Rf3 22. Nxf3 Bxe3 23. Qc2 Rf8 24. Ke2 Be8 25. Bxh7+ Kh8 26. Bg6 Bb5+ 27. Bd3 Be8 28. Nd4 Rf2+ 29. Kxe3 Rxc2 30. Bxc2 Bb5 31. Bd3 Bxd3 32. Kxd3 Qc7 33. Rb3 Qxe5 34. Rhb1 Qf6 35. Rb8+ Kh7 36. R8b6 Qg6+ 37.
Kd2 Qg5+ 38. Kc2 e5 39. Ne6 Qe3 40. Kb3 Qxb6+ 41. Kc2 Qxe6 42. Rg1 e4 43. Kd2 Qe5 44. Re1 d4 45. cxd4 Qxd4+ 46. Kc1 e3 0-1

[Event "Un Rapid per cominciare!"]
[Site "Chess.com"]
[Date "2020.04.10"]
[Round "3"]
[White "freudstein"]
[Black "Lorenzo_PR"]
[Result "0-1"]
[WhiteElo "1350"]
[BlackElo "1232"]
[TimeControl "720+3"]
[EndTime "12:42:31 PDT"]
[Termination "Lorenzo_PR ha vinto per tempo"]

1. e4 d5 2. exd5 Nf6 3. d6 exd6 4. Nf3 Be7 5. g3 Bd7 6. Bg2 Bc6 7. d3 O-O 8. O-O Nbd7 9. Nc3 Re8 10. Re1 Nb6 11. Bg5 h6 12. Bd2 Bf8 13. Rxe8 Qxe8 14. Qe1 Qd7 15.
Be3 Re8 16. Qd2 Nfd5 17. Nd4 Nxe3 18. Bxc6 bxc6 19. fxe3 Nd5 20. Nxd5 cxd5 21. Kg2 c5 22. Ne2 Qe6 23. Re1 Qxe3 24. Qxe3 Rxe3 25. Kf2 Re6 26. Nc3 Rxe1 27. Kxe1 d4 28. Ne4 g6 29. Kf2 Kg7 30. Kf3 f5 31. Nd2 Kf6 32. Nc4 g5 33. h3 h5 34. Nd2 g4+ 35. hxg4 hxg4+ 36. Ke2 Kg5 37. b3 f4 38. gxf4+ Kxf4 39. Nf1 Bg7 40. Kf2 Be5 41. Ng3 Kg5 42. a3 Kh4 43. Ne4 Kh3 44. Ng5+ Kh4 45. Ne4 Bf4 46. Kg2 a6 47.
Nf6 Kg5 48. Ne4+ Kf5 49. Nf2 Be5 50. Ne4 Kf4 51. Kf2 Kf5 52. Kg2 Ke6 53. Kf2 Kd7 54.
Ng3 Kc6 55. Ne4 a5 56. Ng3 Kb5 57. Ne4 a4 58. Nd2 axb3 59. cxb3 g3+ 60. Kg2 d5 61. Nf3 Bd6 62. Nd2 Ka5 63. a4 Bc7 0-1

[Event "Un Rapid per cominciare!"]
[Site "Chess.com"]
[Date "2020.04.10"]
[Round "4"]
[White "MarcoCiva"]
[Black "sirmale49"]
[Result "1/2-1/2"]
[WhiteElo "1851"]
[BlackElo "1433"]
[TimeControl "720+3"]
[EndTime "12:47:32 PDT"]
[Termination "Patta d'accordo"]

1. d4 d5 2. c4 e5 3. e3 Nc6 4. Nf3 Bg4 5. Be2 e4 6. Ne5 Bxe2 7. Qxe2 Nxe5 8. dxe5 Bb4+ 9. Bd2 Bxd2+ 10. Nxd2 d4 11. Nxe4 dxe3 12. Qxe3 Ne7 13. O-O O-O 14. Rad1 1/2-1/2

[Event "Un Rapid per cominciare!"]
[Site "Chess.com"]
[Date "2020.04.10"]
[Round "4"]
[White "Piccolorso"]
[Black "Ollarov"]
[Result "0-1"]
[WhiteElo "1440"]
[BlackElo "1911"]
[TimeControl "720+3"]
[EndTime "12:51:31 PDT"]
[Termination "Ollarov ha vinto per abbandono"]

1. e4 c5 2. Nf3 e6 3. d4 cxd4 4. Nxd4 Nc6 5. Nc3 Qc7 6. Be3 a6 7. Qd2 Nf6 8. f3 Be7 9. O-O-O h5 10. h4 b5 11. Nxc6 Qxc6 12. Be2 Bb7 13. Bg5 b4 14. e5 bxc3 15. Qxc3 Qxc3 16. bxc3 Nd5 17. Bxe7 Kxe7 18. Kb1 0-1

[Event "Un Rapid per cominciare!"]
[Site "Chess.com"]
[Date "2020.04.10"]
[Round "4"]
[White "sergiodone"]
[Black "lucatarozzi"]
[Result "0-1"]
[WhiteElo "1204"]
[BlackElo "1219"]
[TimeControl "720+3"]
[EndTime "12:53:17 PDT"]
[Termination "lucatarozzi ha vinto per abbandono"]

1. e4 e5 2. d4 exd4 3. Nf3 Nc6 4. Bc4 d6 5. h3 Nf6 6. Bg5 Ne5 7. Nxe5 dxe5 8. O-O Be7 9. Nd2 O-O 10. f4 exf4 11.
Rxf4 Qd6 12. Rf1 Qb6 13. Kh1 Qxb2 14. Bxf6 Bxf6 15. Rb1 Qa3 16. Rxf6 gxf6 17. Qh5 Qe3 18.
Nf3 Be6 19. Bd3 a5 20. e5 f5 21. Bxf5 Bxf5 22. Qxf5 Rfd8 23. Qf6 d3 24. cxd3 Qxd3 25. Rf1 Qxf1+ 26. Kh2 Qc4 27. Qg5+ Kf8 28. Qf6 Qe6 29. Qh8+ Ke7 30. Qxh7 Rh8 31. Qg7 Rag8 32. Qf6+ Qxf6 33.
exf6+ Kxf6 34. a4 Rf8 35. g4 Rd8 36. Kg3 Rhe8 37. g5+ Kg6 38. h4 c5 39. Kg4 Re4+ 40.
Kg3 c4 41. Kf2 c3 0-1

[Event "Un Rapid per cominciare!"]
[Site "Chess.com"]
[Date "2020.04.10"]
[Round "4"]
[White "Niklas1205"]
[Black "Jody94"]
[Result "0-1"]
[WhiteElo "825"]
[BlackElo "980"]
[TimeControl "720+3"]
[EndTime "12:55:42 PDT"]
[Termination "Jody94 ha vinto per scaccomatto"]

1. d3 f5 2. f3 d5 3. e4 e6 4.
c4 Nf6 5. e5 Nfd7 6. g4 Qh4+ 7.
Ke2 fxg4 8. fxg4 Qxg4+ 9. Ke1 Qf5 10. Bh3 Qxe5+ 11. Kf1 Nc5 12. a3 Qf5+ 13. Ke1 Nxd3+ 14.
Kd2 Qe4 15. Qh5+ g6 16. Qd1 Qxh1 17. Qg4 Qxh2+ 18. Kd1 Nf2+ 19. Ke2 Nxg4+ 20. Kf3 Ne5+ 21. Ke3 Qxg1+ 22. Kd2 Qh2+ 23. Kd1 Qxh3 24. Bg5 Qh5+ 25. Kc1 Qxg5+ 26. Kc2 Bc5 27. a4 Rf8 28. cxd5 Rf3 29.
Kd1 Qg2 30. Nd2 Rf2 31. b4 Rxd2+ 32. Kc1 Rf2 33. Kb1 Qg1# 0-1

[Event "Un Rapid per cominciare!"]
[Site "Chess.com"]
[Date "2020.04.10"]
[Round "4"]
[White "lionblu1"]
[Black "ottovolante"]
[Result "1-0"]
[WhiteElo "1299"]
[BlackElo "988"]
[TimeControl "720+3"]
[EndTime "12:57:21 PDT"]
[Termination "lionblu1 ha vinto per scaccomatto"]

1. d4 e6 2. c4 Nf6 3. Nc3 Bb4 4. Bg5 Bxc3+ 5. bxc3 h6 6. Bh4 Nc6 7. Nf3 Ne7 8. e3 Ng6 9. Bg3 d6 10. Be2 Ne4 11. Qc2 Nxg3 12. hxg3 Bd7 13. e4 Bc6 14. d5 Bd7 15. Bd3 e5 16. Nd2 Kf8 17. O-O Qe8 18. f4 Ba4 19. Qb1 b6 20. fxe5 Nxe5 21. Nf3 Nxd3 22. Qxd3 Bd7 23. Rae1 a6 24. e5 g6 25. e6 fxe6 26. Ng5+ Kg7 27. Nxe6+ Bxe6 28. Rxe6 Qd7 29.
Qxg6# 1-0

[Event "Un Rapid per cominciare!"]
[Site "Chess.com"]
[Date "2020.04.10"]
[Round "4"]
[White "markk000"]
[Black "francesco_visen"]
[Result "1-0"]
[WhiteElo "1570"]
[BlackElo "1557"]
[TimeControl "720+3"]
[EndTime "13:00:26 PDT"]
[Termination "markk000 ha vinto per scaccomatto"]

1. d4 d5 2. c4 e6 3. Nc3 Nf6 4. Bg5 c6 5. Nf3 Nbd7 6. e3 Qa5 7. Bd3 Bb4 8. Qc2 Bxc3+ 9. bxc3 O-O 10. O-O dxc4 11.
Bxc4 b5 12. Bd3 Rb8 13. Ne5 h6 14. Nxd7 Nxd7 15. Be7 Re8 16. Bb4 Qc7 17. Bc5 a5 18. Ba3 Nf6 19. e4 b4 20. Bb2 e5 21. cxb4 exd4 22. bxa5 Qxa5 23. Bxd4 Bd7 24. Bxf6 gxf6 25. Rfe1 Re5 26. Re3 Rc5 27. Qe2 Qc3 28. Rg3+ Kf8 29. Rd1 Rb2 30. Qf3 Rxa2 31. Qf4 Ra1 32. Qd6+ Ke8 33. Rg8# 1-0

[Event "Un Rapid per cominciare!"]
[Site "Chess.com"]
[Date "2020.04.10"]
[Round "4"]
[White "Delsoldato03"]
[Black "Luca090267"]
[Result "0-1"]
[WhiteElo "1062"]
[BlackElo "1351"]
[TimeControl "720+3"]
[EndTime "13:04:28 PDT"]
[Termination "Luca090267 ha vinto per abbandono"]

1. e4 e5 2. Nf3 Nc6 3. Bb5 a6 4. Ba4 Nf6 5. O-O d6 6. Re1 Be7 7. c3 O-O 8. h3 b5 9. Bc2 Na5 10. d4 exd4 11. cxd4 c5 12. Nc3 Bb7 13. Bg5 Nd7 14.
Bxe7 Qxe7 15. Qd2 Nc4 16. Qc1 Rae8 17. b3 Ncb6 18. Nd5 Nxd5 19. exd5 Qd8 20. dxc5 dxc5 21. Qd2 Rxe1+ 22. Rxe1 Re8 23. Rxe8+ Qxe8 24. Qd3 g6 25. d6 Qe6 26. Qd2 Bxf3 27. gxf3 Qxh3 28. Qg5 Qe6 29.
Qd8+ Kg7 30. Qe7 Nb6 31. Be4 Nd7 32. Bc6 Ne5 33. Qxe6 fxe6 34. Be8 Nxf3+ 35. Kg2 Ne5 36. f4 Nf7 37. Kf3 Nd8 38. Ke4 Kf8 39. d7 Ke7 40. Ke5 Nc6+ 41. Ke4 Nb8 42. Ke5 Nxd7+ 43. Bxd7 Kxd7 44.
Kf6 h5 45. Kg5 Kd6 46. Kh4 c4 47. bxc4 bxc4 0-1

[Event "Un Rapid per cominciare!"]
[Site "Chess.com"]
[Date "2020.04.10"]
[Round "4"]
[White "Lorenzo_PR"]
[Black "GuGe14"]
[Result "0-1"]
[WhiteElo "1169"]
[BlackElo "1593"]
[TimeControl "720+3"]
[EndTime "13:11:26 PDT"]
[Termination "GuGe14 ha vinto per abbandono"]

1. e4 c6 2. Nf3 d5 3. Nc3 dxe4 4. Nxe4 Nf6 5. Nxf6+ exf6 6. Be2 Bd6 7.
d4 O-O 8. O-O Na6 9. Bxa6 bxa6 10.
c3 Bg4 11. h3 Bh5 12. Qd3 Re8 13. Bd2 Bg6 14. Qxa6 Rb8 15. b3 Qd7 16. Rfe1 Be4 17. Re3 Bf4 18. Re2 Bc7 19. Nh2 Qd6 20. g3 Qd7 21. Rae1 f5 22. Qa3 Re6 23. Qc1 Rbe8 24.
Bf4 Bb6 25. Qd2 h6 26. h4 Qd5 27. Nf1 f6 28. Ne3 Qd7 29. Nc4 g5 30. Nxb6 axb6 31.
hxg5 fxg5 32. Bxg5 hxg5 33. Qxg5+ Qg7 34. Qxg7+ Kxg7 35.
f3 Bd5 36. Rxe6 Rxe6 37. Rxe6 Bxe6 38. Kf2 Kf6 39. Ke3 Bd5 40. c4 Bf7 41. a3 b5 42.
c5 Bxb3 43. Kf4 Bc2 44. g4 fxg4 45. fxg4 Ke6 46. g5 Kd5 47. Ke3 Kc4 48. Kd2 Bg6 49.
Ke3 Bh7 50. Kf4 Kxd4 51. Kg4 Kxc5 52. Kh5 Bc2 53. Kh6 Kc4 54. g6 Bxg6 0-1

[Event "Un Rapid per cominciare!"]
[Site "Chess.com"]
[Date "2020.04.10"]
[Round "5"]
[White "Niklas1205"]
[Black "sergiodone"]
[Result "0-1"]
[WhiteElo "804"]
[BlackElo "1215"]
[TimeControl "720+3"]
[EndTime "13:15:37 PDT"]
[Termination "sergiodone ha vinto per abbandono"]

1. c3 c5 2. e3 d6 3. d4 b6 4. f4 e6 5. b4 Qc7 6. a3 Be7 7. g3 Bb7 8. e4 Nf6 9. h4 Nxe4 10. Rh3 Nd7 11. Bd3 Ndf6 12. Bb5+ Bc6 13. Bf1 d5 14.
dxc5 bxc5 15. bxc5 Bxc5 16. Nf3 Bf2+ 17. Ke2 Bxg3 18.
f5 Bb5+ 19. Ke3 Qc5+ 20. Nd4 e5 0-1

[Event "Un Rapid per cominciare!"]
[Site "Chess.com"]
[Date "2020.04.10"]
[Round "5"]
[White "lucatarozzi"]
[Black "MarcoCiva"]
[Result "1-0"]
[WhiteElo "1279"]
[BlackElo "1728"]
[TimeControl "720+3"]
[EndTime "13:19:50 PDT"]
[Termination "lucatarozzi ha vinto per abbandono"]

1. d4 Nf6 2. Nf3 e6 3. Bf4 d5 4. e3 Bd6 5. Bg3 Bxg3 6. fxg3 O-O 7. Bd3 Nc6 8. O-O Re8 9. Nbd2 e5 10. Bb5 Bd7 11. Bxc6 Bxc6 12. Nxe5 Bb5 13. Rf2 Qd6 14. Ndf3 c5 15. c3 cxd4 16. cxd4 Ne4 17. Rc2 f6 18. Nd3 Bxd3 19. Qxd3 Rac8 20. Rac1 Rc6 21. a3 Rec8 22. Rxc6 Rxc6 23. Rxc6 bxc6 24. b4 g5 25. Qa6 Qe7 26. Qxc6 Nc3 27. Qxc3 1-0

[Event "Un Rapid per cominciare!"]
[Site "Chess.com"]
[Date "2020.04.10"]
[Round "5"]
[White "Jody94"]
[Black "lionblu1"]
[Result "0-1"]
[WhiteElo "977"]
[BlackElo "1330"]
[TimeControl "720+3"]
[EndTime "13:20:54 PDT"]
[Termination "lionblu1 ha vinto per scaccomatto"]

1. e4 c5 2. Nc3 a6 3. g3 e6 4.
Bg2 Nc6 5. Nge2 b5 6. O-O Bb7 7. e5 Nge7 8. Ne4 Nf5 9. c3 d5 10. g4 Nh4 11. Nf4 Nxg2 12. Nxg2 dxe4 13. Qe1 Nxe5 14.
Qe2 Nf3+ 15. Kh1 Qc7 16. d3 Qxh2# 0-1

[Event "Un Rapid per cominciare!"]
[Site "Chess.com"]
[Date "2020.04.10"]
[Round "5"]
[White "ottovolante"]
[Black "Delsoldato03"]
[Result "0-1"]
[WhiteElo "981"]
[BlackElo "1133"]
[TimeControl "720+3"]
[EndTime "13:22:34 PDT"]
[Termination "Delsoldato03 ha vinto per abbandono"]

1. e4 e5 2. Nf3 Nc6 3. Bc4 Bc5 4. d3 Nf6 5. Nc3 O-O 6. Ng5 h6 7. Nxf7 Rxf7 8. Bxf7+ Kxf7 9. h3 Nd4 10. Be3 d6 11. Nd5 Nxd5 12. Qh5+ Kg8 13. exd5 Nxc2+ 14. Kd2 Bxe3+ 15. fxe3 Nxa1 16. Rxa1 Qg5 17. Qe8+ Kh7 18. g4 b6 19. Qa4 Qf6 20. Qe4+ Kh8 21. Ke2 Bd7 22. Rf1 Qe7 23. Qg6 Rf8 24. Rxf8+ Qxf8 25. Qe4 Qf6 26. b3 Qh4 27. Qg2 Qg5 28. a4 h5 29.
Qh2 hxg4 30. hxg4+ Qh6 31. Qg3 Qg6 32. g5 Qh5+ 33. Kd2 Qg4 34. Qxg4 Bxg4 35. e4 Kh7 36.
Ke3 Kg6 37. Kf2 Kxg5 38. Kg3 Be2 39. d4 exd4 40. Kf2 Bd1 41. Ke1 Bxb3 42. Kd2 Kf4 43. e5 dxe5 0-1

[Event "Un Rapid per cominciare!"]
[Site "Chess.com"]
[Date "2020.04.10"]
[Round "5"]
[White "Ollarov"]
[Black "markk000"]
[Result "1-0"]
[WhiteElo "1954"]
[BlackElo "1566"]
[TimeControl "720+3"]
[EndTime "13:23:28 PDT"]
[Termination "Ollarov ha vinto per abbandono"]

1. e4 c5 2. a3 Nc6 3. b4 b6 4. b5 Ne5 5. f4 Ng6 6. g3 Bb7 7.
Bg2 e6 8. Bb2 Nf6 9. d3 d5 10.
e5 Nd7 11. Nf3 Be7 12. O-O O-O 13. Nbd2 h5 14. h4 Rc8 15. c4 d4 16. Ng5 Bxg2 17.
Kxg2 Bxg5 18. hxg5 Ne7 19. Qxh5 Nf5 20. Rh1 Ne3+ 21.
Kg1 f6 22. g6 1-0

[Event "Un Rapid per cominciare!"]
[Site "Chess.com"]
[Date "2020.04.10"]
[Round "5"]
[White "mr6701"]
[Black "caramante"]
[Result "0-1"]
[WhiteElo "1465"]
[BlackElo "1640"]
[TimeControl "720+3"]
[EndTime "13:28:26 PDT"]
[Termination "caramante ha vinto per scaccomatto"]

1. e4 c5 2. d4 cxd4 3. c3 d3 4. Bxd3 d6 5. Nf3 a6 6. Bg5 Nd7 7. O-O Ngf6 8. Na3 e6 9. Qe2 Be7 10. Nc4 b5 11. Ne3 Qc7 12. Bf4 O-O 13. c4 bxc4 14.
Nxc4 e5 15. Bg5 h6 16. Bh4 Bb7 17. Rfc1 Qd8 18. Rd1 Nc5 19. Re1 Rc8 20. Rad1 Qc7 21. Rc1 Rfd8 22. Bb1 Qd7 23. Red1 Qe6 24. Nb6 Rc7 25. b4 Bxe4 26. bxc5 Bxb1 27. Rxb1 Rxc5 28. Qxa6 d5 29. Qb7 d4 30. Na4 Ra5 31. Rb6 Rd6 32.
Rxd6 Qxd6 33. Nb2 Rxa2 34. Qb3 Ra3 35. Qc2 Rc3 36. Qxc3 dxc3 37. Rxd6 Bxd6 38. Nd3 e4 39. Bxf6 gxf6 40. Nde1 exf3 41. gxf3 Bf4 42. Kf1 Bxh2 43. Ke2 Bf4 44. Kd3 Bd2 45. Ng2 Kg7 46. Ne3 Kg6 47.
Ng4 h5 48. Nh2 Kg5 49. Nf1 Kf4 50. Ke2 h4 51. Nh2 h3 52. Nf1 Ke5 53. Nh2 f5 54. Nf1 f4 55. Nh2 f5 56. Nf1 Kd4 57. Nh2 Kc4 58.
Nf1 Kb3 59. Kd1 Kb2 60. Ke2 c2 61. Kxd2 c1=Q+ 62. Ke2 Qc2+ 63. Ke1 Kc1 64. Nh2 Qd1# 0-1

[Event "Un Rapid per cominciare!"]
[Site "Chess.com"]
[Date "2020.04.10"]
[Round "5"]
[White "sirmale49"]
[Black "Piccolorso"]
[Result "0-1"]
[WhiteElo "1413"]
[BlackElo "1535"]
[TimeControl "720+3"]
[EndTime "13:36:00 PDT"]
[Termination "Piccolorso ha vinto per abbandono"]

1. e4 c5 2. f4 d5 3. e5 e6 4. Nf3 g6 5. Bb5+ Bd7 6. Bxd7+ Nxd7 7. O-O Bg7 8. d4 Ne7 9. g4 O-O 10. Nc3 f6 11. Nb5 fxe5 12. Nxe5 cxd4 13. Nxd4 Nxe5 14.
fxe5 Bxe5 15. Nxe6 Qb6+ 16. Kh1 Qxe6 17. Bh6 Rxf1+ 18. Qxf1 Bg7 19. Re1 Qd7 20. Bg5 Rf8 21. Qe2 Nc6 22. Rd1 Qf7 23. Be3 Qf3+ 24. Qxf3 Rxf3 25.
Bg1 d4 26. Kg2 Rf7 27. Rd3 Nb4 28. Rb3 Nxc2 29. a4 Rd7 30. Rd3 Nb4 31. Rd2 d3 32. b3 a5 33. Bc5 Nc6 34. Kf3 Ne5+ 35.
Ke4 Nxg4 36. h3 Nf6+ 37. Ke5 Kf7 38. Kf4 Ne8 39. Ke4 Nc7 40. Bb6 Ne6 41. Bxa5 Nc5+ 42. Kf3 Nxb3 0-1

[Event "Un Rapid per cominciare!"]
[Site "Chess.com"]
[Date "2020.04.10"]
[Round "5"]
[White "GuGe14"]
[Black "francesco_visen"]
[Result "1-0"]
[WhiteElo "1691"]
[BlackElo "1539"]
[TimeControl "720+3"]
[EndTime "13:36:37 PDT"]
[Termination "GuGe14 ha vinto per abbandono"]

1. e4 e5 2. f4 exf4 3. Nf3 d6 4.
d4 g5 5. Nc3 Bg7 6. g3 Nc6 7.
Bc4 g4 8. Nh4 f3 9. Be3 Nf6 10.
Qd2 O-O 11. O-O-O a6 12. Bh6 Nxe4 13. Nxe4 d5 14. Bxg7 Kxg7 15. Nf2 dxc4 16. h3 gxh3 17. Nxh3 Kg8 18. Nxf3 Bxh3 19. Rxh3 f6 20. d5 Ne5 21. Qh6 Rf7 22. Nd4 Qxd5 23. Nf5 Nd3+ 24. cxd3 Qxf5 25. dxc4 Qg5+ 26. Qxg5+ fxg5 27. Rh5 Rg7 28. Rd5 g4 29. Rhg5 Rxg5 30. Rxg5+ Kf7 31. Rxg4 Rg8 32.
Rd4 Rxg3 33. Rd7+ Kg6 34. Rxc7 h5 35. Rc8 h4 36. Kd2 h3 37. Rg8+ Kf5 38. Rxg3 Ke4 39.
Rxh3 Kd4 40. b3 Kc5 41. Rh7 Kb4 42. Rxb7+ Ka3 43. c5 Kxa2 44. c6 Kb2 45. c7 1-0

[Event "Un Rapid per cominciare!"]
[Site "Chess.com"]
[Date "2020.04.10"]
[Round "5"]
[White "Luca090267"]
[Black "Lorenzo_PR"]
[Result "0-1"]
[WhiteElo "1231"]
[BlackElo "1345"]
[TimeControl "720+3"]
[EndTime "13:38:24 PDT"]
[Termination "Lorenzo_PR ha vinto per abbandono"]

1. e4 d5 2. exd5 Nf6 3. d4 Bg4 4. Be2 Bxe2 5. Nxe2 Qxd5 6. O-O Nc6 7. Nbc3 Qh5 8. Bf4 O-O-O 9. Be3 e6 10. Qe1 Bd6 11. Ng3 Bxg3 12. fxg3 Ng4 13. h3 Nxe3 14. Qxe3 Nxd4 15. Rac1 f6 16. Rfd1 e5 17. g4 Qg6 18.
Qd3 Qxd3 19. Rxd3 Rd7 20. Kf2 Rhd8 21. g3 a6 22. Kg2 h6 23. Kf2 Nc6 24. Rxd7 Rxd7 25.
Ne4 b6 26. a3 Rd4 27. Ke3 Kd7 28. c3 Rd5 29. h4 Na5 30. Rc2 Nc4+ 31. Ke2 Nd6 32. Ke3 Nxe4 33. Kxe4 Rd6 34. Kf5 Ke7 35.
g5 hxg5 36. hxg5 Kf7 37. gxf6 gxf6 38. g4 Rd3 39. Rg2 Rf3+ 40. Ke4 Rf4+ 41. Kd5 Kg6 42. Kc6 Rc4+ 43. Kb7 a5 44. Ka6 Kg5 45. Kb7 Rxg4 46. Rd2 Rc4 47. Rd8 e4 48. Rg8+ Kf4 49. Ka6 e3 50. Re8 f5 51. Re7 Kf3 52. Kb5 Rc5+ 53.
Ka6 e2 0-1